 Dungeon Crawl Stone Soup version 0.25-a0-388-g41a7e554cb (webtiles) character file.

Game seed: 13652506607301274230, levelgen mode: deterministic

65 tilp the Slinger (level 4, -2/29 HPs)
             Began as a Halfling Hunter on Jan 7, 2020.
             Slain by a white imp (5 damage)
             ... summoned by Natasha
             ... on level 2 of the Dungeon.
             The game lasted 00:03:10 (1737 turns).

tilp the Slinger (Halfling Hunter)                  Turns: 1737, Time: 00:03:11

Health: -2/29      AC:  3    Str: 13    XL:     4   Next: 35%
Magic:  4/4        EV: 14    Int:  9    God:
Gold:   100        SH:  0    Dex: 15    Spells: 3/3 levels left

rFire    . . .     SeeInvis .   b - +2 rapier (freeze)
rCold    . . .     Gourm    .   (shield restricted)
rNeg     . . .     Faith    .   c - +0 leather armour
rPois    .         Spirit   .   (no helmet)
rElec    .         Reflect  .   (no cloak)
rCorr    .         Harm     .   (no gloves)
MR       .....                  (no boots)
Stlth    ++........             (no amulet)
HPRegen  0.09/turn              (no ring)
MPRegen  0.09/turn              (no ring)

@: slowed, very slow
A: small, mutation resistance 1
a: no special abilities


You were on level 2 of the Dungeon.
You were not hungry.

You visited 1 branch of the dungeon, and saw 2 of its levels.

You collected 100 gold pieces.

Inventory:

Hand Weapons
 a - a +1 hunting sling
 b - a +2 rapier of freezing (weapon)
Missiles
 d - 36 sling bullets
 j - 94 stones (quivered)
Armour
 c - a +0 leather armour (worn)
Scrolls
 i - a scroll of noise {unknown}
 k - a scroll of teleportation {unknown}
 l - 2 scrolls of identify {unknown}
Potions
 e - a potion of degeneration {unknown}
 h - 2 potions of lignification {unknown}
Comestibles
 f - 2 rations
 g - 2 chunks of flesh


   Skills:
 - Level 1.7 Fighting
 + Level 8.1 Slings
 - Level 2.1 Dodging
 - Level 1.1 Stealth


You had 3 spell levels left.
You didn't know any spells.
Your spell library was empty.

Dungeon Overview and Level Annotations

Branches:
Dungeon (2/15)

Altars:

Annotations:
D:2 Natasha


Innate Abilities, Weirdness & Mutations

You are small and have problems with some larger weapons.
You are somewhat resistant to further mutation.


Message History

The white imp gestures at you. The puff of frost hits you.
* * * LOW HITPOINT WARNING * * *
Natasha misses you. The crimson imp barely misses you.
You closely miss Natasha.
Natasha is almost dead.
The white imp closely misses you. Natasha closely misses you.
The crimson imp closely misses you. The white imp closely misses you.
Natasha closely misses you. The crimson imp hits you.
* * * LOW HITPOINT WARNING * * *
Unknown command.
You hit Natasha but do no damage.
Natasha is almost dead.
The white imp hits you but does no damage.
Natasha claws you!
* * * LOW HITPOINT WARNING * * *
The crimson imp barely misses you. The white imp hits you.
* * * LOW HITPOINT WARNING * * *
The white imp freezes you.
You die...

#..# #.......
###..#### #.......
#.......# #.......
#.......# ##......
#.......## ##..<#.
#........########.
#...........#####.
####.5.....###.......
#..5@......# ######.)
#.....h####### ##.
$....$.(! #.
...%....(. ##
..........#
...........
..........#.
..........###


You could see Natasha, a crimson imp and a white imp.

Vanquished Creatures
  A gnoll (D:1)
  An ooze (D:1)
  A dart slug (D:1)
  4 leopard geckos (D:1)
  2 bats
  A giant cockroach (D:2)
  4 goblins (D:1)
  7 hobgoblins (D:1)
  14 kobolds
  A frilled lizard (D:1)
  7 rats
43 creatures vanquished.

Vanquished Creatures (others)
  2 plants (D:1)
2 creatures vanquished.

Grand Total: 45 creatures vanquished

Notes
Turn   | Place    | Note
-------+----------+-------------------------------------------
     0 | D:1      | tilp the Halfling Hunter began the quest for the Orb.
     0 | D:1      | Reached XP level 1. HP: 14/14 MP: 1/1
    15 | D:1      | Reached skill level 6 in Slings
   144 | D:1      | Reached XP level 2. HP: 19/19 MP: 2/2
   347 | D:1      | Reached skill level 7 in Slings
   347 | D:1      | Reached XP level 3. HP: 24/24 MP: 3/3
   610 | D:1      | Reached XP level 4. HP: 16/29 MP: 4/4
  1302 | D:1      | Reached skill level 8 in Slings
  1727 | D:2      | Noticed Natasha
  1737 | D:2      | Slain by a white imp

Levels and vault maps discovered:
D:1:      enne_arrival_octagon_isle, layout_basic, serial_aquarium,
          aquarium_bridge_straight [aquarium_subvault_bridge,
          aquarium_subvault_window, aquarium_subvault_bridge,
          aquarium_subvault_window], aquarium_window_fake, aquarium_window_1,
          aquarium_window_corner, aquarium_view_2c, aquarium_balcony_3b,
          lexackson_kobold_supper
D:2:      layout_rooms, overflow_temple_1_default, marbit_many_paths,
          uniq_natasha

Skill      XL: |  1  2  3  4 |
---------------+-------------+-----
Slings         | 6 7 8 |  8.1
Fighting       | |  1.7
Dodging        | |  2.1
Stealth        | |  1.1

Action                   |  1- 3 |  4- 6 || total
-------------------------+-------+-------++-------
Melee: Short sword       |       |    47 ||    47
       Rapier            |       |     7 ||     7
 Fire: Hunting sling     |    77 |    38 ||   115
  Eat: Chunk             |       |     2 ||     2
Armor: Leather armour    |     1 |     3 ||     4
Dodge: Dodged            |    18 |    28 ||    46

Table legend:
 A = Non-vault XP
 B = Vault XP
 C = Vault XP percentage of total XP
 D = Non-vault monster count
 E = Vault monster count
 F = Vault count percentage of total count
                 A         B        C        D         E       F
            +---------+---------+-------+---------+---------+-------
      Total |      79 |      15 |  16.0 |      35 |       8 |  18.6
            +---------+---------+-------+---------+---------+-------
        D:1 |      74 |      15 |  16.9 |      31 |       8 |  20.5
        D:2 |       5 |       0 |   0.0 |       4 |       0 |   0.0
            +---------+---------+-------+---------+---------+-------
